 Dungeon Crawl Stone Soup version 0.31.0-32-g396128a36d (webtiles) character file.

Game seed: 3176741936998468426

191 PaiMei the Grave Robber (level 5, -5/38 HPs)
             Began as a Demonspawn Necromancer on Apr 12, 2024.
             Slain by a gnoll
             ... wielding a +0 halberd
              (12 damage)
             ... on level 4 of the Dungeon.
             The game lasted 00:03:38 (4128 turns).

PaiMei the Grave Robber (Demonspawn Necromancer)    Turns: 4128, Time: 00:03:39

Health: -5/38      AC:  3    Str:  8    XL:     5   Next: 41%
Magic:  3/9        EV: 12    Int: 17    God:
Gold:   133        SH:  4    Dex: 14    Spells: 6/10 levels left

rFire   . . .        n - +0 mace
rCold   . . .        k - +0 buckler
rNeg    . . .        a - +0 robe
rPois   .            t - +1 hat
rElec   .            (no cloak)
rCorr   .            (no gloves)
SInv    .            (no boots)
Will    .....        (no amulet)
Stlth   ++           (no ring)
HPRegen 0.26/turn    (no ring)
MPRegen 0.11/turn

%: no passive effects
@: no status effects
A: horns 2, foul stench 1
a: no special abilities


You were on level 4 of the Dungeon.
You visited 1 branch of the dungeon, and saw 4 of its levels.

You collected 133 gold pieces.

Inventory:

Hand Weapons
 h - a +0 dagger
 n - a +0 mace (weapon)
Missiles
 u - 3 datura-tipped darts (quivered)
Armour
 a - a +0 robe (worn)
 k - a +0 buckler (worn)
 p - a +0 kite shield
 t - a +1 hat (worn)
Magical Staves
 q - a staff of death
Jewellery
 s - a ring of ice
Wands
 m - a wand of mindburst (10)
 o - a wand of acid (7)
Scrolls
 d - a scroll of torment {unknown}
 e - 3 scrolls of fog {unknown}
 g - 2 scrolls of fear {unknown}
 i - a scroll of enchant armour {unknown}
 j - 4 scrolls of identify {unknown}
 r - 3 scrolls of enchant weapon {unknown}
Potions
 b - 3 potions of magic
 c - a potion of might {unknown}
 f - a potion of curing {unknown}
 l - a potion of heal wounds {unknown}


   Skills:
 + Level 2.1 Fighting
 + Level 3.0 Dodging
 - Level 2.0 Stealth
 + Level 3.1 Spellcasting
 + Level 5.3 Necromancy


You had 6 spell levels left.
You knew the following spells:

 Your Spells              Type           Power      Damage    Failure   Level
a - Necrotise             Necr           80%        1d8       3%          1
b - Vampiric Draining     Necr           20%        2d7       10%         3

Your spell library contained the following spells:

 Spells                   Type           Power      Damage    Failure   Level
 Shock                    Conj/Air       8%         1d3       28%         1
 Animate Dead             Necr           20%        N/A       30%         4
 Stone Arrow              Conj/Erth      4%         3d7       63%         3
 Swiftness                Air            2%         N/A       63%         3
 Curse of Agony           Necr           20%        N/A       65%         5
 Airstrike                Air            1%         2d(1-17)  95%         4
 Animate Armour           Summ/Erth      4%         N/A       95%         4
 Lehudib's Crystal Spear  Conj/Erth      1%         10d2      100%        8


Dungeon Overview and Level Annotations

Branches:
Dungeon (4/15)
 Temple: D:4-7

Altars:
Makhleb

Shops:
D:4 *

Annotations:
D:4 1 runed translucent door, Crazy Yiuf


Innate Abilities, Weirdness & Mutations

You have a pair of horns on your head.
You may rarely emit foul miasma when damaged in melee.


Message History

The dead are walking!
The bombardier beetle sprays incendiary fluid at you.
The burning spray hits your kobold skeleton.
Your ball python skeleton crumbles into dust!
Your kobold skeleton burns!
Your kobold skeleton is destroyed!
The bombardier beetle bites your ball python skeleton.
Your ball python skeleton bites the bombardier beetle.
Your ball python skeleton closely misses the bombardier beetle.
A gnoll comes into view. It is wielding a +0 halberd.
Found 15 gold pieces.
The gnoll hits you from afar with a +0 halberd.
The bombardier beetle bites your ball python skeleton.
Your ball python skeleton is destroyed!
There is a stone staircase leading down here.
You see here a +0 whip.
The gnoll hits you from afar with a +0 halberd!
The bombardier beetle bites you.
The gnoll hits you from afar with a +0 halberd!
Casting: Necrotise (safe; 3% risk of failure)
Confirm with . or Enter, or press ? or * to list all spells.
Aiming: Vampiric Draining (dangerous; 10% risk of failure)
Press: ? - help, Shift-Dir - straight line, f - bombardier beetle
Aim: a bombardier beetle (lightly wounded)
You draw life force from the bombardier beetle.
You feel life coursing into your body.
The gnoll hits you from afar with a +0 halberd!
* * * LOW HITPOINT WARNING * * *
The bombardier beetle bites you.
* * * LOW HITPOINT WARNING * * *
You emit a cloud of foul miasma!
Casting: Vampiric Draining (dangerous; 10% risk of failure)
Confirm with . or Enter, or press ? or * to list all spells.
Aiming: Vampiric Draining (dangerous; 10% risk of failure)
Press: ? - help, Shift-Dir - straight line, f/p - bombardier beetle
Aim: a bombardier beetle (foul pestilence, moderately wounded)
You draw life force from the bombardier beetle!
You feel life coursing into your body.
The gnoll hits you from afar with a +0 halberd!
You die...

#.$ #.. ... #.#
## #.# #. #g#
#.###.###.####
#...>.@B......
#.$##.###.####
# #.........
#.#.##..##.###.
#..........#
######..####
#......#
#.###..#####
#.###.∩....#.


You could see a bombardier beetle and a gnoll.

Vanquished Creatures
  A howler monkey (D:4)
  A sleepcap (D:4)
  Terence (D:3)
  5 adders
  A ribbon worm (D:2)
  2 dart slugs
  4 bats
  4 endoplasms
  2 giant cockroaches (D:3)
  4 hobgoblins
  5 quokkas
  10 ball pythons
  2 frilled lizards
  7 goblins
  6 kobolds
  A rat (D:2)
56 creatures vanquished.

Notes
Turn   | Place    | Note
-------+----------+-------------------------------------------
     0 | D:1      | PaiMei the Demonspawn Necromancer began the quest for the
                  | Orb.
     0 | D:1      | Reached XP level 1. HP: 13/13 MP: 3/3
   415 | D:1      | Gained mutation: You have a pair of small horns on your
                  | head. [demonic ancestry]
   415 | D:1      | Reached XP level 2. HP: 16/19 MP: 0/5
  1217 | D:2      | Found a faded altar of an unknown god.
  1582 | D:2      | Reached XP level 3. HP: 18/25 MP: 0/6
  1858 | D:2      | Reached skill level 1 in Fighting
  2122 | D:2      | Found a burning altar of Makhleb.
  3016 | D:3      | Gained mutation: You may rarely emit foul miasma when
                  | damaged in melee. [demonic ancestry]
  3016 | D:3      | Reached XP level 4. HP: 32/32 MP: 3/7
  3154 | D:3      | Noticed Terence
  3160 | D:3      | Killed Terence
  3161 | D:3      | Reached skill level 5 in Necromancy
  3804 | D:4      | Gained mutation: You have a pair of horns on your head.
                  | [demonic ancestry]
  3804 | D:4      | Reached XP level 5. HP: 37/38 MP: 4/9
  3899 | D:4      | Learned a level 3 spell: Vampiric Draining
  3978 | D:4      | Found a runed translucent door.
  3979 | D:4      | Noticed Crazy Yiuf
  4086 | D:4      | Found Biadu's General Store.
  4128 | D:4      | Slain by a gnoll

Illustrated notes

Levels and vault maps discovered:
D:1:      elethiomel_arrival_shortcut, layout_loops_ring,
          serial_co_window_serial, co_window_paths_a, co_window_paths_a,
          co_window_corner_a, co_window_corner_a, co_window_paths_a,
          co_window_unsneaky_path_b, co_window_of_opportunity_c,
          co_window_of_opportunity_c, co_window_unsneaky_path_c,
          co_window_corner_b, glass_columns_a, glass_columns_a
D:2:      layout_loops_ring, basic_altar,
          shapermc_ecumenical_altar_totnotflames, kennysheep_generic_room_5
D:3:      layout_loops_ring, corner_web_ring, uniq_terence
D:4:      layout_loops_ring, chequers_temple_overflow_statue_of_worship,
          serial_shops, shop, uniq_crazy_yiuf_cottage

Skill      XL: |  1  2  3  4  5 |
---------------+----------------+-----
Stealth        | 2 |  2.0
Dodging        | 2 3 |  3.0
Fighting       | 1 2 |  2.1
Necromancy     | 5 |  5.3
Spellcasting   | 3 |  3.1

Action                     |  1- 3 |  4- 6 || total
---------------------------+-------+-------++-------
  Melee: Unarmed           |    11 |       ||    11
         Dagger            |     5 |       ||     5
         Headbutt          |     5 |     1 ||     6
         Mace              |     6 |     2 ||     8
   Cast: Necrotise         |    82 |    37 ||   119
         Vampiric Draining |       |     2 ||     2
 Armour: Robe              |    15 |    14 ||    29
  Dodge: Dodged            |    23 |     5 ||    28
